 BcadrenCrawl: Boulder Brew version 0.05.4-28-gf56dcff (webtiles) character file.

Game seed: 16169818163619111267, levelgen mode: deterministic

79 Dorkslayer the Shield-Bearer (level 4, -4/25 HPs) Molten Gargoyle Fighter. Began on Jan 12, 2022. Slain by a crocodile (5 damage) ... on level 2 of the Dungeon. The game lasted 00:04:02 (507 turns).

Dorkslayer the Shield-Bearer (MGFi)                  Turns: 507, Time: 00:04:02

Health: -4/25      AC: 12    Str: 19    XL:     4 ^: 83
Magic:  4/4        EV: 10    Int:  8    God:
Gold:   33         SH:  7    Dex: 16    Spells: 3/3 levels left

rFire    + + +     Vision   .     - Unarmed
rCold    x x .     Gourm    .   b - +0 heater shield
rNeg     + . .     Faith    .   a - +0 scale mail
rCorr    . . .     Spirit   .   (no helmet)
rPois    ∞         Reflect  .   (no cloak)
rElec    +         Harm     .   (no gloves)
MR       .....                  (no boots)
Stlth    +.........             (no amulet)
HPRegen  0.18/turn              (no ring)
MPRegen  0.14/turn              (no ring)

@: mighty, berserk cooldown, slowed, very slow
A: torment immune, lava walking, breathe magma 1, fire resistance 3, negative
energy resistance 1, electricity resistance, unbreathing, petrification
resistance, cold vulnerability 2, rot immunity, core melding 2
a: Breathe Magma


You were on level 2 of the Dungeon.
You were not hungry.

You visited 1 branch of the dungeon, and saw 2 of its levels.

You collected 33 gold pieces.

Inventory:

Shields
 b - a +0 heater shield (shield)
Armour
 a - a +0 scale mail (worn)
Potions
 e - a potion of berserk rage
Comestibles
 d - 3 rations


   Skills:
 + Level 3.6 Fighting
 + Level 1.1 Dodging
 + Level 0.1 Stealth
 + Level 4.4 Shields
 + Level 2.9 Unarmed Combat


You had 3 spell levels left.
You didn't know any spells.
Your spell library was empty.

Dungeon Overview and Level Annotations

Branches:
Dungeon (2/8)

Altars:

Annotations:
D:2 Sigmund


Innate Abilities, Weirdness & Mutations

You are resistant to torment.
You are not damaged by walking on lava.
You are immune to poison.
You can breathe lava.
You are almost immune to the effects of heat. (rF+++)
You resist negative energy. (rN+)
You are resistant to electric shocks. (rElec)
You can survive without breathing.
You are immune to petrification.
You are very vulnerable to cold. (rC--)
You are immune to rotting.
The molten core of your body molds to fit into any body armour perfectly. (2x Base AC and No Encumberance from Armour).


Message History

You hit the crocodile (1).
The crocodile is heavily wounded. (11/26) HP Sigmund hits the withered plant with a cursed +1 scythe of venom {(Curse: Fragile)} (7)!
The withered plant is destroyed!
The big kobold hits something (4).
The kobold hits something but does no damage.
You hit the cinder newt (2).
The cinder newt is lightly wounded. (10/12) HP You block the crocodile's attack.
The sewer rat bites the withered plant (6).
The withered plant is destroyed!
You hit the cinder newt (5).
The cinder newt is heavily wounded. (5/12) HP The cinder newt bites you (1).
* * * LOW HITPOINT WARNING * * *
Sigmund gestures wildly while chanting.
Sigmund flickers and vanishes!
Deactivating autopickup; reactivate with Ctrl-A.
The crocodile bites you (5).
You die...

##......#≈≈≈≈P≈#
##P.....≈.≈≈≈≈{≈#
##......rr#≈≈≈≈P≈
#.......rK#≈≈≈≈PP
#≈.....KK.r≈≈≈≈PP
#..%≈rK≈Krr≈≈≈PP
#########rKr≈PP≈#
..≈...##tK.≈≈≈..
...≈..l@#KP≈P≈..
≈####≈.≈#.bP≈Pb≈
#P.#≈#.P.≈PP#
##≈##..≈..≈.# #
#≈≈≈b.≈# b≈≈≈≈.#
.≈≈≈≈..


You could see a crocodile, a big kobold, a cinder newt, 5 sewer rats and a
kobold.

Vanquished Creatures
  2 giant cockroaches (D:1)
  3 cinder newts (D:1)
  2 dart slugs (D:1)
  A leopard gecko (D:1)
  A ball python (D:1)
  4 bats (D:1)
  2 goblins (D:1)
  A hobgoblin (D:1)
  A bat skeleton (D:2)
  7 kobolds
  4 rats (D:1)
28 creatures vanquished.

Vanquished Creatures (others)
  8 withered plants (D:2)
8 creatures vanquished.

Grand Total: 36 creatures vanquished

Notes
Turn   | Place    | Note
-------+----------+-------------------------------------------
     0 | D:1      | Dorkslayer the Molten Gargoyle Fighter began the quest for
                  | the Orb.
     0 | D:1      | Reached XP level 1. HP: 12/12 MP: 1/1
    45 | D:1      | Reached XP level 2. HP: 15/16 MP: 2/2
   106 | D:1      | Reached skill level 4 in Shields
   123 | D:1      | Reached XP level 3. HP: 19/21 MP: 3/3
   143 | D:1      | Reached skill level 1 in Dodging
   286 | D:1      | Reached XP level 4. HP: 25/25 MP: 4/4
   464 | D:2      | Noticed a big kobold
   473 | D:2      | Noticed Sigmund
   487 | D:2      | Noticed a crocodile
   502 | D:2      | HP: 1/25 [crocodile (10)]
   507 | D:2      | HP: 1/25 [cinder newt (1)]
   507 | D:2      | Slain by a crocodile

Levels and vault maps discovered:
D:1:      erik_arrival_gehennom, layout_rooms, kennysheep_generic_room_11
D:2:      layout_sewer, sewer_frog_pond, uniq_sigmund

Skill      XL: |  1  2  3 |
---------------+----------+-----
Shields        | 4 |  4.4
Dodging        | 1 |  1.1
Fighting       | |  3.6
Stealth        | |  0.1
Unarmed Combat | |  2.9

Action                   |  1- 3 |  4- 6 || total
-------------------------+-------+-------++-------
Melee: Unarmed           |   114 |    41 ||   155
  Use: Potion            |       |     2 ||     2
 Stab: Sleeping          |     1 |       ||     1
Armor: Scale mail        |    96 |    48 ||   144
Dodge: Dodged            |    22 |    16 ||    38
Block: Heater shield     |    42 |    13 ||    55
